 Dungeon Crawl Stone Soup version 0.28.0-62-gf88900778d (webtiles) character file.

Game seed: 12116604137672952675

174876 cbfl8 the Impaler (level 18, -3/228 (231) HPs)
             Began as a Merfolk Berserker on Aug 20, 2023.
             Was an Elder of Trog.
             Killed from afar by a thorn hunter (17 damage)
             ... with a volley of thorns
             ... while paralysed by a fenstrider witch
             ... on level 4 of the Swamp.
             The game lasted 01:19:37 (61995 turns).

cbfl8 the Impaler (Merfolk Berserker)              Turns: 61995, Time: 01:19:38

HP:   -3/228 (231)  AC: 33    Str: 23    XL:     18   Next: 8%
MP:   18/18         EV:  2    Int:  9    God:    Trog [****..]
Gold: 1905          SH:  0    Dex: 24    Spells: 17/17 levels left

rFire   + + +      SeeInvis .   O - +5 trident (flame)
rCold   + . .      Faith    .   q - +0 buckler
rNeg    . . .      Spirit   .   c - +6 plate armour {rF+}
rPois   +          Reflect  +   l - +2 helmet
rElec   +          Harm     .   i - +2 cloak {rPois}
rCorr   .          Rampage  .   v - +0 pair of gloves
Will    +....                   K - +0 pair of boots of the Peculiar Ghosts {rElec rC+ Str+2}
Stlth   ..........              C - amulet of reflection
HPRegen 0.48/turn               Q - ring "Ziusmeg" {Fly rF++ Int+3}
MPRegen 0.16/turn               w - +6 ring of dexterity

@: paralysed, berserking, flying, lightly drained, very quick
A: nimble swimmer 2, mertail
a: Renounce Religion, Berserk, Trog's Hand, Brothers in Arms


You were on level 4 of the Swamp.
You worshipped Trog.
Trog was greatly pleased with you.
You visited 5 branches of the dungeon, and saw 30 of its levels.
You also visited: Gauntlet.

You collected 3176 gold pieces.
You spent 1271 gold pieces at shops.

Inventory:

Hand Weapons
 r - a +1 antimagic demon trident
 L - a +6 halberd of freezing
 O - a +5 trident of flaming (weapon)
 V - a +1 trident of venom
Missiles
 u - 3 throwing nets (quivered)
 A - 5 boomerangs
 G - 5 boomerangs of dispersal
 S - 24 javelins
Armour
 c - a +6 plate armour of fire resistance (worn)
 i - a +2 cloak of poison resistance (worn)
 l - a +2 helmet (worn)
 q - a +0 buckler (worn)
 v - a +0 pair of gloves (worn)
 K - the +0 pair of boots of the Peculiar Ghosts (worn) {rElec rC+ Str+2}
   (You found it on level 8 of the Dungeon)

   Str:       It affects your strength (+2).
   rC:        It protects you from cold.
   rElec:     It insulates you from electricity.
Jewellery
 b - a ring of see invisible
 w - a +6 ring of dexterity (right hand)
 x - a ring of willpower
 C - an amulet of reflection (around neck)
 E - a ring of ice
 Q - the ring "Ziusmeg" (left hand) {Fly rF++ Int+3}
   (You found it in a Gauntlet)

   [ring of flight]

   Int:       It affects your intelligence (+3).
   rF:        It greatly protects you from fire.
   Fly:       It grants you flight.
Wands
 d - a wand of acid (4)
 k - a wand of flame (27)
 F - a wand of polymorph (13)
 I - a wand of iceblast (23)
 J - a wand of digging (27)
 M - a wand of charming (12)
Scrolls
 a - 3 scrolls of teleportation
 e - a scroll of blinking
 j - a scroll of enchant armour
 n - 2 scrolls of fog
 o - 3 scrolls of noise
 p - 3 scrolls of silence
 s - a scroll of fear
 D - a scroll of brand weapon
Potions
 f - 17 potions of curing
 g - 2 potions of resistance {unknown}
 h - 6 potions of might
 m - 3 potions of berserk rage
 t - 4 potions of cancellation
 z - 3 potions of lignification
 B - 5 potions of haste
 N - 5 potions of flight
 T - 2 potions of mutation
 U - a potion of heal wounds
Miscellaneous
 H - a phial of floods
 P - a phantom mirror
 R - a tin of tremorstones (2/2)


   Skills:
 + Level 17.1 Fighting
 - Level 19.0 Polearms
 + Level 10.0 Throwing
 + Level 15.5 Armour
 - Level 3.1 Dodging
 - Level 2.8 Stealth
 + Level 10.6 Shields
 + Level 1.8 Unarmed Combat
 + Level 11.5 Evocations


You had 17 spell levels left.
You didn't know any spells.
Your spell library was empty.

Dungeon Overview and Level Annotations

Branches:
Dungeon (15/15)            Temple (0/1) D:4            Lair (6/6) D:9
  Swamp (4/4) Lair:2       Spider (3/4) Lair:2        Slime (0/5) Lair:6
    Orc (2/2) D:9             Elf (0/3) Orc:2        Vaults (0/5) D:13
 Depths (0/4) D:15        Gauntlet (visited)

Altars:
Ashenzari
Cheibriados
Dithmenos
Hepliaklqana
Makhleb
Ru
Sif Muna
Trog
Uskayaw
Vehumet
Beogh
Jiyva

Shops:
Orc:1 :   Orc:2 =*([

Annotations:
D:4 exclusion: statue
D:13 2 transporters, tkbsonic5's ghost, journeyman MfSu
Lair:3 2 transporters, Oluanan's ghost, journeyman DsFi
Swamp:1 3 runed translucent doors, cbfl8's ghost, adept MiBe
Spider:3 2 transporters, bronco's ghost, adept DDEE


Innate Abilities, Weirdness & Mutations

You are very nimble when in or above water. (Stealth+, EV+, Speed+++)
Your lower body shifts to a powerful aquatic tail in water.


Message History

You block the fenstrider witch's attack.
The fenstrider witch closely misses you.
The thorn hunter fires a volley of thorns at you.
The volley of thorns hits you but does no damage.
You puncture the thorn hunter! You burn the thorn hunter.
The thorn hunter is heavily damaged.
Unknown command.
You impale the thorn hunter!! You burn the thorn hunter!
The thorn hunter is severely damaged.
You feel sick.
The fenstrider witch hits you but does no damage.
You block the fenstrider witch's attack.
You block the thorn hunter's attack.
The thorn hunter hits you but does no damage.
You closely miss the thorn hunter.
The thorn hunter is severely damaged.
The fenstrider witch gestures at you while chanting.
You suddenly lose the ability to move!
You feel sick.
You are no longer poisoned.
The thorn hunter fires a volley of thorns at you.
The volley of thorns hits you!!
* * * LOW HITPOINT WARNING * * *
The fenstrider witch hits you but does no damage.
The fenstrider witch kicks you.
* * * LOW HITPOINT WARNING * * *
The thorn hunter gestures.
Thorny briars emerge from the ground!
The fenstrider witch hits you!
* * * LOW HITPOINT WARNING * * *
The fenstrider witch kicks you.
* * * LOW HITPOINT WARNING * * *
The thorn hunter fires a volley of thorns at you.
The volley of thorns hits you!!
* * * LOW HITPOINT WARNING * * *
The fenstrider witch hits you but does no damage.
The fenstrider witch kicks you but does no damage.
The thorn hunter fires a volley of thorns at you.
The volley of thorns hits you!
You die... ♣♣.≈....... ♣♣.≈..♣ ♣. .♣≈≈...≈.≈. ♣♣≈≈≈≈♣♣ ♣. ≈..≈.PPPPPP

♣♣≈...(# ♣♣ ♣≈♣≈≈.PPPP♣♣♣
♣^...≈.♣
♣♣.≈......♣.♣♣♣≈..#.≈♣♣♣
♣≈.≈.≈.≈§≈.†..≈≈≈≈...≈≈♣
♣≈≈..♣.≈.♣≈...≈....♣♣♣♣
♣.≈!.≈.H..♣..≈....≈≈♣
..≈≈≈....@..≈[≈.....♣♣
≈≈..♣≈.^.f≈.≈[.♣.≈.....≈.#
..≈≈≈..≈.≈≈.≈.......≈.....
♣♣≈..≈..≈.....≈....♣♣../##
♣.§..≈≈..≈≈≈≈[≈...≈♣ .###
♣≈≈...≈..≈..≈.≈.≈.§♣ ♣.
≈....≈......≈.....≈≈ ♣.
.....≈.≈.§.≈≈....≈ ♣♣


You could see a thorn hunter and a fenstrider witch.

Vanquished Creatures
  Saint Roka (Orc:2)
  Rupert (D:12)
  Jorgrun (D:15)
  Mlioglotl (Swamp:4)
  Gastronok (Lair:1)
  A thorn hunter (Swamp:4)
  Kirke (D:12)
  A fenstrider witch (Swamp:1)
  4 emperor scorpions
  2 ghouls (Swamp:3)
  A ghost moth (Spider:2)
  The ghost of jjjjhere the Brawler, an adept VSFi of Jiyva (Spider:2)
  A broodmother (Spider:2)
  The ghost of bronco the Impaler, a journeyman DrMo of Hepliaklqana (Spider:2)
  An eleionoma (Swamp:1)
  A spark wasp (Spider:3)
  Azrael (D:12)
  A minotaur (Gauntlet)
  10 bunyips
  An ettin (Orc:1)
  Snorg (D:10)
  A green death (Gauntlet)
  Josephine (D:14)
  Harold (D:7)
  10 hydras
  3 jorogumos (Spider:2)
  7 boulder beetles
  A merfolk avatar (Lair:6)
  2 ghost crabs
  5 two-headed ogres
  3 radroaches
  3 centaur warriors (D:15)
  The ghost of NotaViper the Protected, a novice MiFi of Yredelemnul (Orc:1)
  2 dancing weapons (D:13)
  4 death yaks (Lair:6)
  7 alligators
  2 death scarabs (Gauntlet)
  An orc high priest (Orc:2)
  Urug (Lair:5)
  Sonja (Lair:6)
  A spectral death yak (Gauntlet)
  Nergalle (D:12)
  A skeletal warrior (D:15)
  2 spriggan druids (Swamp:3)
  7 steelbarb worms
  3 pharaoh ants
  3 swamp dragons
  4 orb spiders
  A sea snake (Lair:6)
  A flayed ghost (D:15)
  A death drake (Swamp:2)
  4 bog bodies
  A shadow dragon zombie (D:15)
  Pikel (D:4)
  A lindwurm (Lair:5)
  2 harpies (Lair:6)
  2 necromancers
  6 orc knights
  2 deep elf pyromancers
  3 manticores
  11 wolf spiders
  6 ugly things
  4 orc sorcerers
  2 oklob plants
  4 will-o-the-wisps
  8 elephants
  A moth of wrath (Spider:3)
  4 cyclopes
  Joseph (D:7)
  6 black mambas
  5 torpor snails
  A gargoyle (D:13)
  Maggie (Lair:1)
  13 komodo dragons
  12 cane toads
  3 rime drakes
  7 demonic crawlers
  An unseen horror (D:12)
  2 kobold demonologists (D:12)
  A guardian mummy (D:15)
  7 meliai
  A bloated husk (Swamp:4)
  12 tarantellas
  6 polar bears
  7 trolls
  3 wind drakes (Lair:6)
  A tyrant leech (Swamp:4)
  3 spriggan zombies (D:15)
  A wolf spider simulacrum (D:15)
  8 hornets
  25 blink frogs
  Grinder (D:5)
  22 jumping spiders
  9 spriggans
  A shadow (D:12)
  10 culicivoras
  69 yaks
  8 wraiths
  Eustachio (D:4)
  2 basilisks
  6 wyverns
  2 fire elementals (D:12)
  2 hogs (D:12)
  2 steam dragons
  14 vampire mosquitoes
  34 redbacks
  2 wargs
  5 acid dragons
  9 water moccasins
  A spectral cane toad (Gauntlet)
  10 swamp worms
  4 hell hounds (D:12)
  4 swamp drakes
  27 orc warriors
  Duvessa (D:7)
  A sky beast (D:7)
  A hornet zombie (D:9)
  A spectral troll (Orc:1)
  A black bear (shapeshifter) (D:15)
  3 ice beasts
  7 ogres
  25 wolves
  4 centaurs
  A phantom (D:6)
  A lemure (D:4)
  Blork the orc (Orc:2)
  16 bullfrogs
  5 kobold brigands
  3 scorpions
  Dowan (D:7)
  8 killer bees
  2 spectral ogres (Orc:1)
  10 wights
  2 howler monkeys (D:7)
  5 electric eels
  A bullfrog zombie (D:5)
  5 centaur zombies
  6 hounds
  2 jellies (D:5)
  22 orc priests
  3 centaur skeletons
  3 iguanas
  Ijyb (D:4)
  Natasha (thrice) (D:2)
  6 hell rats (Lair:5)
  23 orc wizards
  3 yak simulacra (Lair:3)
  A killer bee zombie (D:8)
  2 spectral orcs (Orc:1)
  4 polar bear simulacra (Lair:3)
  A wolf simulacrum (Lair:3)
  A hound zombie (D:5)
  2 howler monkey zombies
  7 gnolls
  A howler monkey skeleton (D:5)
  5 adders
  An ogre simulacrum (Orc:1)
  3 shadow imps
  A white imp (D:5)
  2 ufetubi
  3 worms
  2 dart slugs
  57 orcs
  2 orc simulacra (Orc:1)
  5 bats
  15 endoplasms
  4 giant cockroaches
  7 goblins
  7 hobgoblins
  23 kobolds
  3 quokkas
  8 ball pythons
  3 frilled lizards
  5 rats
  3 river rat simulacra (Lair:3)
904 creatures vanquished.

Vanquished Creatures (collateral kills)
  A boulder beetle (Spider:2)
  A death knight (D:12)
  6 skeletal warriors
  A phantasmal warrior (D:12)
  A redback (Spider:2)
10 creatures vanquished.

Vanquished Creatures (others)
  2 bloated husks
  A blink frog (Lair:1)
  4 humans (D:12)
  A swamp drake (Swamp:3)
  A bush (Lair:6)
  26 foxfires
  43 fungi
  74 plants
  2 withered plants (D:15)
154 creatures vanquished.

Grand Total: 1068 creatures vanquished

Notes
Turn   | Place    | Note
-------+----------+-------------------------------------------
     0 | D:1      | cbfl8 the Merfolk Berserker began the quest for the Orb.
     0 | D:1      | Reached XP level 1. HP: 18/18 MP: 1/1
    64 | D:1      | Reached XP level 2. HP: 22/24 MP: 2/2
   524 | D:1      | Reached XP level 3. HP: 13/30 MP: 3/3
   548 | D:1      | Reached skill level 5 in Polearms
   900 | D:1      | Reached skill level 1 in Evocations
  1167 | D:2      | HP: 1/30 [worm (9)]
  1576 | D:2      | Reached skill level 1 in Stealth
  1959 | D:2      | Reached XP level 4. HP: 37/37 MP: 4/4
  2014 | D:2      | Noticed Natasha
  2027 | D:2      | Killed Natasha
  2291 | D:2      | Noticed Natasha
  2303 | D:2      | Killed Natasha
  2306 | D:2      | Noticed Natasha
  2317 | D:2      | Killed Natasha
  2318 | D:2      | Reached skill level 6 in Polearms
  2318 | D:2      | Reached XP level 5. HP: 23/42 MP: 5/5
  2568 | D:3      | Found a faded altar of an unknown god.
  2628 | D:3      | Reached ** piety under Trog
  3240 | D:3      | Found a bloodstained altar of Trog.
  3434 | D:3      | Found a snail-covered altar of Cheibriados.
  3986 | D:4      | Noticed an ice beast
  4000 | D:4      | Killed an ice beast
  4001 | D:4      | Reached XP level 6. HP: 49/49 MP: 6/6
  4290 | D:4      | Noticed Eustachio
  4324 | D:4      | Killed Eustachio
  4325 | D:4      | Reached skill level 7 in Polearms
  4325 | D:4      | Reached XP level 7. HP: 28/55 MP: 7/7
  4752 | D:4      | Found a staircase to the Ecumenical Temple.
  4789 | D:4      | Identified the +2 robe of Miynug {Harm rF++ Stlth+}
  4796 | D:4      | Found a radiant altar of Vehumet.
  4840 | D:4      | Noticed Pikel
  4860 | D:4      | Killed Pikel
  4861 | D:4      | Reached skill level 5 in Fighting
  4861 | D:4      | Reached skill level 8 in Polearms
  4861 | D:4      | Reached XP level 8. HP: 62/62 MP: 8/8
  5286 | D:4      | Found a hazy altar of Hepliaklqana.
  5287 | D:4      | Noticed Ijyb
  5296 | D:4      | Killed Ijyb
  5399 | D:5      | Entered Level 5 of the Dungeon
  5404 | D:5      | Noticed Grinder
  5416 | D:5      | Killed Grinder
  5417 | D:5      | Reached skill level 9 in Polearms
  5466 | D:5      | Reached skill level 1 in Throwing
  5613 | D:5      | Found a hide-covered altar of Uskayaw.
  5658 | D:5      | Reached skill level 10 in Polearms
  5683 | D:5      | Found a shadowy altar of Dithmenos.
  5826 | D:5      | Reached XP level 9. HP: 69/69 MP: 9/9
  6916 | D:6      | Reached *** piety under Trog
  6918 | D:6      | Reached skill level 5 in Evocations
  7024 | D:6      | Reached skill level 11 in Polearms
  7829 | D:7      | Noticed Duvessa
  7829 | D:7      | Noticed Dowan
  7854 | D:7      | Noticed Harold
  7870 | D:7      | Killed Harold
  7871 | D:7      | Reached skill level 12 in Polearms
  7924 | D:7      | Reached skill level 5 in Armour
  7924 | D:7      | Reached XP level 10. HP: 57/77 MP: 10/10
  8140 | D:7      | Killed Duvessa
  8154 | D:7      | Killed Dowan
  8429 | D:7      | Noticed Joseph
  8447 | D:7      | Killed Joseph
  9263 | D:7      | Found a shimmering blue altar of Sif Muna.
  9287 | D:8      | Identified the +0 pair of boots of the Peculiar Ghosts
                  | {rElec rC+ Str+2}
  9601 | D:9      | Reached skill level 13 in Polearms
  9943 | D:9      | Noticed a two-headed ogre
  9952 | D:9      | Killed a two-headed ogre
 10439 | D:8      | Found a sacrificial altar of Ru.
 10509 | D:8      | Reached **** piety under Trog
 10948 | D:9      | Reached skill level 14 in Polearms
 10960 | D:9      | Reached XP level 11. HP: 62/86 MP: 11/11
 11073 | D:9      | Found a staircase to the Orcish Mines.
 11078 | D:9      | Found a staircase to the Lair.
 11113 | D:9      | Reached skill level 5 in Throwing
 11814 | D:10     | Entered Level 10 of the Dungeon
 11853 | D:10     | Noticed Snorg
 12430 | D:11     | Noticed a cyclops
 12437 | D:11     | Noticed a two-headed ogre
 12447 | D:11     | Killed a two-headed ogre
 12776 | D:11     | Killed a cyclops
 12777 | D:11     | Noticed a boulder beetle
 12792 | D:11     | Killed a boulder beetle
 12845 | D:11     | Reached skill level 15 in Polearms
 13861 | D:10     | Killed Snorg
 13876 | D:10     | Found a broken altar of Ashenzari.
 14694 | D:10     | Reached XP level 12. HP: 72/95 MP: 12/12
 16029 | D:12     | Noticed a death knight
 16049 | D:12     | Reached ***** piety under Trog
 16105 | D:12     | Noticed Azrael
 16107 | D:12     | Noticed Rupert
 16118 | D:12     | Reached skill level 16 in Polearms
 16129 | D:12     | Killed Azrael
 16133 | D:12     | Noticed Kirke
 16549 | D:12     | Noticed a two-headed ogre
 16556 | D:12     | Killed a two-headed ogre
 16789 | D:12     | Noticed a two-headed ogre
 16798 | D:12     | Killed a two-headed ogre
 16854 | D:12     | Killed a death knight
 16859 | D:12     | Reached skill level 10 in Fighting
 16977 | D:12     | Reached skill level 17 in Polearms
 17090 | D:12     | Noticed a sphinx
 17101 | D:12     | Killed Kirke
 17415 | D:12     | Reached XP level 13. HP: 78/103 MP: 13/13
 17659 | D:12     | Noticed Nergalle
 17671 | D:12     | Killed Nergalle
 17830 | D:12     | Killed Rupert
 17831 | D:12     | Reached skill level 1 in Unarmed Combat
 18766 | D:13     | Identified the +5 dagger of Cilefyi {speed, rCorr Int+3}
 18942 | D:13     | Noticed tkbsonic5's ghost (journeyman MfSu)
 18946 | D:13     | Identified the +10 great mace of Peace {speed, *Slow rPois
                  | rCorr Dex+7}
 18946 | D:13     | Identified the +5 great mace "Jithutaj" {venom, Int+5}
 18946 | D:13     | Noticed an ettin
 18947 | D:13     | Found a transporter.
 18964 | D:13     | Found a transporter.
 19080 | D:13     | Found a gate to the Vaults.
 20515 | D:15     | Entered Level 15 of the Dungeon
 20594 | D:15     | Noticed Josephine
 20620 | D:14     | Killed Josephine
 21689 | D:15     | Reached skill level 18 in Polearms
 22651 | D:15     | Found a staircase to the Depths.
 22654 | D:15     | Noticed Jorgrun
 22655 | D:15     | Reached skill level 10 in Evocations
 22655 | D:15     | Reached XP level 14. HP: 113/113 MP: 14/14
 22680 | D:15     | Killed Jorgrun
 22686 | D:15     | Reached skill level 1 in Shields
 23320 | Lair:1   | Entered Level 1 of the Lair of Beasts
 24030 | Lair:1   | Noticed Maggie
 24037 | Lair:1   | Killed Maggie
 24427 | Lair:1   | Noticed Gastronok
 24442 | Lair:1   | Killed Gastronok
 25214 | Lair:2   | Found a hole to the Spider Nest.
 25598 | Lair:2   | Found a staircase to the Swamp.
 26525 | Lair:3   | Identified the ring "Mydghoazie" {Fly rN+ Int+3}
 27020 | Lair:3   | You are sucked into a shaft and drop 3 floors!
 27020 | Lair:6   | Entered Level 6 of the Lair of Beasts
 27127 | Lair:5   | Reached skill level 19 in Polearms
 27127 | Lair:5   | Reached skill level 10 in Throwing
 27157 | Lair:5   | Found a gate leading to a gauntlet.
 27192 | Gauntlet | Entered a Gauntlet
 27192 | Gauntlet | Found a transporter.
 27192 | Gauntlet | Found a transporter.
 27609 | Gauntlet | Found a transporter.
 27613 | Gauntlet | Found a transporter.
 27627 | Gauntlet | Found a transporter.
 27629 | Gauntlet | Found a transporter.
 27629 | Gauntlet | Found a large runed translucent door.
 27630 | Gauntlet | Found a large runed translucent door.
 27631 | Gauntlet | Found a large runed translucent door.
 27631 | Gauntlet | Found a large runed translucent door.
 27631 | Gauntlet | Found a runed translucent door.
 27631 | Gauntlet | Found a runed translucent door.
 27632 | Gauntlet | Found a large runed translucent door.
 27633 | Gauntlet | Found a large runed translucent door.
 27634 | Gauntlet | Found a large runed translucent door.
 27634 | Gauntlet | Found a large runed translucent door.
 27635 | Gauntlet | Found a runed translucent gate.
 27635 | Gauntlet | Found a runed translucent gate.
 27635 | Gauntlet | Found a runed translucent gate.
 27637 | Gauntlet | Found a transporter.
 27646 | Gauntlet | Found a large runed translucent door.
 27646 | Gauntlet | Found a large runed translucent door.
 27647 | Gauntlet | Found a large runed translucent door.
 27648 | Gauntlet | Found a large runed translucent door.
 27657 | Gauntlet | Noticed a quicksilver ooze
 27658 | Gauntlet | Found a transporter.
 27675 | Gauntlet | Found a transporter.
 27679 | Gauntlet | Found a transporter.
 27681 | Gauntlet | Noticed a cacodemon
 27689 | Gauntlet | Found a transporter.
 27693 | Gauntlet | Found a transporter.
 27743 | Gauntlet | Found a large runed translucent door.
 27744 | Gauntlet | Found a large runed translucent door.
 27745 | Gauntlet | Found a large runed translucent door.
 27745 | Gauntlet | Found a large runed translucent door.
 27953 | Gauntlet | Received a gift from Trog
 28152 | Gauntlet | Identified the ring "Ziusmeg" {Fly rF++ Int+3}
 28178 | Gauntlet | Reached XP level 15. HP: 120/120 MP: 5/15
 28460 | Gauntlet | Identified the +6 morningstar of Broken Luck {protect,
                  | Dex+4}
 28547 | Lair:5   | Reached skill level 10 in Armour
 28602 | Lair:5   | Noticed Urug
 28611 | Lair:5   | Killed Urug
 29376 | Lair:3   | Found a transporter.
 29381 | Lair:3   | Found a transporter.
 29381 | Lair:3   | Noticed Oluanan's ghost (journeyman DsFi)
 31175 | Lair:5   | Received a gift from Trog
 31238 | Lair:6   | Found a viscous altar of Jiyva.
 31238 | Lair:6   | Found a staircase to the Slime Pits.
 32739 | Lair:6   | Noticed Sonja
 32770 | Lair:6   | Killed Sonja
 34023 | Lair:6   | Paralysed by a hornet for 2 turns
 34520 | Lair:6   | Reached skill level 5 in Shields
 35068 | Lair:6   | Identified the +5 hand crossbow "Giocsext" {vorpal, rN+}
 35121 | Lair:6   | Reached XP level 16. HP: 134/134 MP: 16/16
 35699 | Orc:1    | Entered Level 1 of the Orcish Mines
 35710 | Orc:1    | Found Yrruiq's Book Shop.
 36016 | Orc:1    | Found a runed translucent gate.
 36016 | Orc:1    | Found a runed translucent gate.
 36016 | Orc:1    | Found a runed translucent gate.
 36017 | Orc:1    | Noticed NotaViper's ghost (novice MiFi)
 36073 | Orc:1    | Bought a manual of Armour for 960 gold pieces
 36179 | Orc:1    | Killed NotaViper's ghost
 36531 | Orc:2    | Entered Level 2 of the Orcish Mines
 39009 | Orc:2    | Noticed Blork the orc
 41158 | Orc:2    | Found a staircase to the Elven Halls.
 41202 | Orc:2    | Received a gift from Trog
 41398 | Orc:2    | Killed Blork the orc
 41666 | Orc:2    | Noticed Saint Roka
 41684 | Orc:2    | Killed Saint Roka
 42527 | Orc:2    | Found Qeuvysh's Antique Weapon Emporium.
 42563 | Orc:2    | Found Liufae's Jewellery Emporium.
 42725 | Orc:2    | Found Seykhit's General Store.
 42731 | Orc:2    | Bought a scroll of identify for 26 gold pieces
 42731 | Orc:2    | Bought a scroll of magic mapping for 45 gold pieces
 42740 | Orc:2    | Found Plog's Antique Armour Emporium.
 42925 | Orc:2    | Bought a +2 cloak of poison resistance for 240 gold pieces
 43099 | Swamp:1  | Entered Level 1 of the Swamp
 43378 | Swamp:1  | Reached skill level 15 in Fighting
 43796 | Swamp:1  | Found a runed translucent gate.
 43796 | Swamp:1  | Found a runed translucent gate.
 43796 | Swamp:1  | Found a runed translucent gate.
 43797 | Swamp:1  | Noticed cbfl8's ghost (adept MiBe)
 43798 | Swamp:1  | Noticed a tentacled monstrosity
 43798 | Swamp:1  | Found the +8 demon blade "Leech" {vamp, Harm Drain rN+}
 43895 | Swamp:1  | Noticed a fenstrider witch
 43908 | Swamp:1  | Killed a fenstrider witch
 44675 | Swamp:2  | Identified the +9 great sword of Eternal Vigilance {drain,
                  | rF+ MP+9 Stlth+}
 45217 | Swamp:2  | Found a burning altar of Makhleb.
 45250 | Swamp:2  | You are sucked into a shaft and drop 1 floor!
 48698 | Spider:1 | Entered Level 1 of the Spider Nest
 48719 | Spider:1 | Received a gift from Trog
 48779 | Spider:1 | Reached XP level 17. HP: 144/144 MP: 17/17
 52825 | Spider:2 | Received a gift from Trog
 54381 | Spider:2 | Found a runed translucent gate.
 54381 | Spider:2 | Found a runed translucent gate.
 54521 | Spider:2 | Found a runed translucent gate.
 54522 | Spider:2 | Noticed jjjjhere's ghost (adept VSFi)
 54523 | Spider:2 | Noticed bronco's ghost (journeyman DrMo)
 55339 | Spider:2 | Killed jjjjhere's ghost
 55361 | Spider:2 | Killed bronco's ghost
 55362 | Spider:2 | Reached skill level 15 in Armour
 55766 | Spider:2 | Identified the ring "Lutzob" {Fire rN++ Dex-4}
 58090 | Spider:3 | Reached skill level 10 in Shields
 58530 | Spider:3 | Noticed bronco's ghost (adept DDEE)
 58531 | Spider:3 | Found a transporter.
 58554 | Spider:3 | Found a transporter.
 58554 | Spider:3 | Identified the +7 shortbow "Soeraw" {flame, rC+++ Will+
                  | Str-2 Dex+3}
 59716 | Swamp:4  | Entered Level 4 of the Swamp
 60576 | Swamp:4  | Reached XP level 18. HP: 123/147 MP: 18/18
 61547 | Swamp:4  | Noticed Mlioglotl
 61556 | Swamp:4  | Killed Mlioglotl
 61972 | Swamp:4  | Paralysed by a fenstrider witch for 5 turns
 61992 | Swamp:4  | Paralysed by a fenstrider witch for 7 turns
 61995 | Swamp:4  | Killed from afar by a thorn hunter

Illustrated notes

Levels and vault maps discovered:
D:1:      eino_arrival_druids_welcome, layout_basic
D:2:      layout_basic, minmay_heptomino_o4, uniq_natasha
D:3:      minmay_angry_zag, layout_basic, mainiacjoe_overflow_paths,
          mainiacjoe_overflow_surrounded_room, basic_ecumenical_altar,
          grunt_decor_one_mirror, kennysheep_generic_room_11
D:4:      layout_cave_pools, nicolae_hepliaklqana_hippocampus, vehumet_statue,
          minmay_temple_entry_ruins, uniq_eustachio, uniq_ijyb, uniq_pikel
D:5:      minmay_skewed_foursquare, layout_layer_cave,
          mainiacjoe_overflow_small_starburst,
          grunt_dithmenos_smoke_and_mirrors, uniq_grinder
D:6:      layout_loops_ring, dk_vineyard_1, minmay_fractal_squares_gapless_5
D:7:      layout_basic, led_sif_pool, minmay_misc_feat_enclosed, minivault_24,
          uniq_harold, uniq_duvessa, uniq_joseph
D:8:      layout_rooms, nicolae_ru_the_path_less_chosen
D:9:      layout_gridville, dpeg_oklobed_lair, orc_0_dummy, supply_closet_lemuel
D:10:     layout_rooms, amcnicky_altar_gilded, uniq_snorg
D:11:     layout_cave_pools, special_room [special_room_orc]
D:12:     layout_basic, uniq_kirke, uniq_nergalle, uniq_azrael, uniq_rupert
D:13:     layout_cave_pools, erik_vaults_1, gammafunk_ghost_smash
D:14:     layout_small_grid
D:15:     gammafunk_depths_entry_grave, layout_layer_cave,
          minmay_splitting_lines, drop_trap, uniq_josephine, uniq_jorgrun
Lair:1:   layout_roguey, serial_bayou_lake_a, uniq_maggie, uniq_gastronok
Lair:2:   layout_cave_pods, minmay_swamp_entry_wisps,
          hellmonk_spider_entry_not_the_bees, cheibrodos_lair_lostbears
Lair:3:   layout_hall_layers, gammafunk_ghost_hive, serial_bayou_ford_a,
          eino_house_with_fridge
Lair:4:   layout_misc_corridors, hibernation_bobbens, grunt_megastairs_3,
          infiniplex_staircase_pool
Lair:5:   layout_small_grid, gauntlet_entry_generic, minmay_holes, uniq_urug
Lair:6:   gammafunk_lair_ancient_temple, layout_loops_ring, slime_altar_1,
          uniq_sonja
Swamp:1:  layout_basic_swamp, gammafunk_ghost_split,
          evilmike_swamp_ruin_rubble_2, swamp_pool4, cheibrodos_swamp_witchery
Swamp:2:  layout_basic_swamp, serial_swamp_ruin, evilmike_swamp_ruin_house_6,
          evilmike_swamp_ruin_house_5, evilmike_swamp_ruin_house_1,
          nicolae_swamp_godswood
Swamp:3:  layout_basic_swamp, hangedman_swamp_ruin_wall, swamp_pool2
Swamp:4:  swamp_old_school, layout_basic_swamp, swamp_pool1, uniq_mlioglotl
Spider:1: layout_chambers
Spider:2: nicolae_spider_hilbert_zone_4 [nicolae_spider_hilbert_4_sides_2_open,
          nicolae_spider_hilbert_4_sides_1_open,
          nicolae_spider_hilbert_4_sides_1_open,
          nicolae_spider_hilbert_4_sides_1_open,
          nicolae_spider_hilbert_4_sides_1_open,
          nicolae_spider_hilbert_2_sides_1_open,
          nicolae_spider_hilbert_2_sides_1_open,
          nicolae_spider_hilbert_2_sides_1_open,
          nicolae_spider_hilbert_2_sides_1_open,
          nicolae_spider_hilbert_6_sides_1_open,
          nicolae_spider_hilbert_6_sides_1_open,
          nicolae_spider_hilbert_3_sides_1_open,
          nicolae_spider_hilbert_3_sides_1_open], gammafunk_ghost_cemetery,
          hangedman_stitches_earthworm
Spider:3: layout_spider_delve, gammafunk_ghost_arena
Orc:1:    layout_diamond_mine, serial_shops, shop, gammafunk_ghost_necromancy,
          david_defended_altar_orc
Orc:2:    grunt_orc_cross, layout_caves, mines3_lemuel

Skill      XL: |  1  2  3  4  5  6  7  8  9 10 11 12 13 14 15 16 17 |
---------------+----------------------------------------------------+-----
Polearms       | 5 6 7 8 10 12 14 15 17 18 19 | 19.0
Evocations     | 1 2 4 5 6 7 8 10 11 | 11.5
Stealth        | 1 2 |  2.8
Fighting       | 4 5 6 7 9 10 11 12 14 15 17 | 17.1
Armour         | 2 3 4 5 6 7 8 9 11 13 15 | 15.5
Throwing       | 2 3 4 6 7 9 10 | 10.0
Unarmed Combat | 1 |  1.8
Shields        | 2 5 7 10 | 10.6
Dodging        | 3 |  3.1

Action                   |  1- 3 |  4- 6 |  7- 9 | 10-12 | 13-15 | 16-18 || total
-------------------------+-------+-------+-------+-------+-------+-------++-------
Melee: Spear             |   124 |   103 |       |       |       |       ||   227
       Punch             |       |     2 |       |       |    10 |       ||    12
       Trident           |       |    88 |    50 |       |   258 |  1415 ||  1811
       Halberd           |       |       |   194 |   605 |  1024 |   302 ||  2125
       Unarmed           |       |       |       |    15 |       |       ||    15
       Demon trident     |       |       |       |       |    29 |       ||    29
       Tailslap          |       |       |       |       |     2 |       ||     2
Throw: Throwing net      |       |       |       |     1 |       |     2 ||     3
Invok: Berserk           |     3 |     4 |     6 |    10 |    15 |    26 ||    64
       Trog's Hand       |       |       |       |     2 |     2 |     3 ||     7
       Brothers in Arms  |       |       |       |     1 |     1 |       ||     2
Evoke: Wand              |       |     5 |       |    15 |    19 |    14 ||    53
  Use: Scroll            |       |     4 |       |    22 |    14 |    19 ||    59
       Potion            |       |       |       |     1 |     5 |     5 ||    11
 Stab: Sleeping          |     5 |       |       |       |       |       ||     5
       Paralysed         |       |       |       |     6 |       |       ||     6
       Distracted        |       |       |       |     1 |       |       ||     1
Armor: Animal skin       |     7 |       |       |       |       |       ||     7
       Ring mail         |     1 |    30 |       |       |       |       ||    31
       Chain mail        |       |    46 |   137 |    59 |       |       ||   242
       Plate armour      |       |       |       |   221 |   655 |  1043 ||  1919
Dodge: Dodged            |    43 |    71 |    73 |   272 |   476 |   480 ||  1415
       Repelled          |       |       |       |     3 |     6 |       ||     9
Block: Other             |       |       |       |       |   220 |    79 ||   299
       Reflection        |       |       |       |       |     7 |     9 ||    16
       Buckler           |       |       |       |       |       |   676 ||   676
